 Dungeon Crawl Stone Soup version 0.25.1-2-g60ff931df9 (webtiles) character file.

Game seed: 15800828331989741694

5600 GameOver the Covert (level 10, -6/84 HPs)
             Began as a Naga Wizard on Aug 18, 2020.
             Was a Believer of Okawaru.
             Mangled by Pikel
             ... wielding a +2 whip of electrocution
              (17 damage)
             ... on level 9 of the Dungeon.
             The game lasted 01:02:58 (7397 turns).

GameOver the Covert (Naga Wizard)                   Turns: 7397, Time: 01:02:59

Health: -6/84      AC:  8    Str:  9    XL:     10   Next: 73%
Magic:  2/17       EV: 10    Int: 22    God:    Okawaru [**....]
Gold:   389        SH:  0    Dex: 10    Spells: 10/19 levels left

rFire    + . .     SeeInvis +   w - +0 quarterstaff
rCold    . . .     Gourm    .   (shield currently unavailable)
rNeg     + . .     Faith    .   a - +0 robe
rPois    +         Spirit   .   b - +0 helmet
rElec    .         Reflect  .   p - +2 cloak
rCorr    .         Harm     .   (no gloves)
MR       +....                  (no barding)
Stlth    +++++.....             (no amulet)
HPRegen  0.24/turn              n - ring of protection from fire
MPRegen  0.15/turn              q - ring of positive energy (curse)

@: mighty, very slow
A: large, see invisible, deformed body, poison resistance, slowness 2, slow
metabolism 1, spit poison 1, AC +3
a: Spit Poison, Heroism, Renounce Religion


You were on level 9 of the Dungeon.
You worshipped Okawaru.
Okawaru was pleased with you.
You were not hungry.

You visited 2 branches of the dungeon, and saw 10 of its levels.
You also visited: Sewer.

You collected 389 gold pieces.

Inventory:

Hand Weapons
 s - a +0 spear
 v - a +0 hand crossbow
 w - a +0 quarterstaff (weapon)
Missiles
 x - 31 bolts
 J - a throwing net (quivered)
Armour
 a - a +0 robe (worn)
 b - a +0 helmet (worn)
 e - a +0 leather armour
 p - a +2 cloak (worn)
 F - a scarf of harm
Jewellery
 n - a ring of protection from fire (left hand)
 q - a cursed ring of positive energy (right hand)
Wands
 y - a wand of paralysis (7)
 B - a wand of random effects (8)
 C - a wand of flame (15)
 G - a wand of enslavement (9)
Scrolls
 f - 4 scrolls of remove curse {unknown}
 j - 6 scrolls of teleportation
 k - 3 scrolls of immolation
 l - 4 scrolls of enchant weapon {unknown}
 o - 2 scrolls of amnesia
 r - a scroll of identify
 t - 6 scrolls of enchant armour {unknown}
 u - 2 scrolls of fog
 D - 3 scrolls of magic mapping
 H - 2 scrolls of noise {unknown}
 I - 3 scrolls of blinking {unknown}
Potions
 c - a potion of lignification
 g - 3 potions of brilliance
 h - 6 potions of curing
 i - 6 potions of heal wounds
 m - a potion of stabbing
 z - a potion of might
 A - 3 potions of flight {unknown}
 E - 2 potions of cancellation {unknown}
Miscellaneous
 L - a phantom mirror
Comestibles
 d - 18 rations
 K - 11 chunks of flesh


   Skills:
 + Level 3.2 Fighting
 - Level 2.0 Dodging
 - Level 12.0 Stealth
 - Level 5.0 Spellcasting
 - Level 6.0 Conjurations
   Level 1.0 Summonings
 - Level 3.0 Translocations
 - Level 5.0 Fire Magic
 - Level 9.0 Poison Magic
 + Level 3.5 Invocations
 * Level 4.5 Evocations


You had 10 spell levels left.
You knew the following spells:

 Your Spells              Type           Power        Failure   Level  Hunger
a - Magic Dart            Conj           ####         1%          1    None
b - Blink                 Tloc           N/A          4%          2    None
d - Mephitic Cloud        Conj/Pois/Air  ####....     3%          3    ##.....
f - Conjure Flame         Conj/Fire      ####....     3%          3    ##.....

Your spell library contained the following spells:

 Spells                   Type           Power        Failure   Level  Hunger
 Call Imp                 Summ           #.......     10%         2    None
 Slow                     Hex            #.......     16%         2    None


Dungeon Overview and Level Annotations

Branches:
Dungeon (9/15)             Temple (1/1) D:5           Sewer (visited)
   Lair: D:8-11         Orc: D:9-12

Altars:
Ashenzari
Cheibriados
Dithmenos
Elyvilon
Fedhas
Gozag
Hepliaklqana
Kikubaaqudgha
Makhleb
Nemelex Xobeh
Okawaru
Qazlal
Ru
Sif Muna
Trog
Uskayaw
Vehumet
Wu Jian
Xom
Yredelemnul
Zin
The Shining One

Shops:
D:7 :

Annotations:
D:8 2 transporters, kalodont's ghost, novice KoEn
D:9 Pikel


Innate Abilities, Weirdness & Mutations

You cannot wear boots.
Your serpentine skin is tough. (AC +3)
You have supernaturally acute eyesight. (SInv)
Armour fits poorly on your strangely shaped body.
Your system is resistant to poisons. (rPois)
You cover ground very slowly.
You have a slow metabolism.
You can spit poison.


Message History

You feel much better.
Pikel says, "I'm sure they'll be treated well, anyway."
Pikel hits you with a +2 whip of electrocution!
* * * LOW HITPOINT WARNING * * *
The slave closely misses Pikel.
Unknown command.
You closely miss Pikel.
Pikel is heavily wounded.
You have got your breath back.
Pikel hits you but does no damage.
You are electrocuted!
* * * LOW HITPOINT WARNING * * *
The slave closely misses the slave.
The slave hits itself!
The slave is killed!
That felt strangely unrewarding.
Pikel hits you with a +2 whip of electrocution.
* * * LOW HITPOINT WARNING * * *
You closely miss Pikel.
Pikel is heavily wounded.
Pikel hits you but does no damage.
You are electrocuted!
You die...

........#####.#
##......##..# ####
##........## # ##..##
##..####..# .###
###....###...# ####
.p.#### #.).##.p...p##
...)รท.###)#.###.....#
.####)..._(.# ##K.>.#
. ###)#.### #@...##
....#...#.# #.....#
..........# ##...##
.#######..# ##### .
#..# #..# #..# .## ##


You could see Pikel (poisoned) and 2 slaves.

Vanquished Creatures
  Erolcha (D:9)
  2 two-headed ogres
  3 hippogriffs
  Menkaure (D:7)
  An orc warrior (D:7)
  2 slaves (D:9)
  A necrophage (D:8)
  3 ice beasts
  A sky beast (D:5)
  2 phantoms
  4 ogres
  A centaur (D:9)
  A crocodile (D:8)
  2 bullfrogs (D:8)
  A wyvern skeleton (D:6)
  A scorpion (D:7)
  4 killer bees (D:7)
  4 howler monkeys
  5 crimson imps
  A bullfrog zombie (D:7)
  A quasit (D:7)
  2 jellies
  2 orc priests (D:7)
  2 hounds (D:9)
  A bullfrog skeleton (D:8)
  Jessica (D:2)
  An iguana (D:7)
  9 orc wizards
  6 worker ants
  A hound zombie (D:8)
  2 hound skeletons
  Robin (D:2)
  A howler monkey skeleton (D:6)
  10 gnolls
  15 adders
  5 river rats (Sewer)
  2 shadow imps
  2 oozes
  An adder skeleton (D:7)
  3 worms (D:2)
  2 dart slugs
  7 leopard geckos
  33 orcs
  3 giant cockroaches
  18 goblins
  9 hobgoblins
  4 jackals (D:1)
  26 kobolds
  2 quokkas
  7 ball pythons
  9 bats
  3 frilled lizards (D:1)
  A jackal skeleton (D:8)
  A leopard gecko skeleton (D:5)
  26 rats
260 creatures vanquished.

Vanquished Creatures (others)
  A gnoll (D:7)
1 creature vanquished.

Grand Total: 261 creatures vanquished

Notes
Turn   | Place    | Note
-------+----------+-------------------------------------------
     0 | D:1      | GameOver the Naga Wizard began the quest for the Orb.
     0 | D:1      | Reached XP level 1. HP: 15/15 MP: 4/4
    47 | D:1      | Reached XP level 2. HP: 22/22 MP: 4/6
   194 | D:1      | Reached XP level 3. HP: 28/28 MP: 5/7
   332 | D:1      | Learned a level 2 spell: Blink
   336 | D:1      | Learned a level 3 spell: Mephitic Cloud
   955 | D:2      | Noticed Robin
   979 | D:2      | Reached XP level 4. HP: 36/36 MP: 0/8
  1015 | D:2      | Killed Robin
  1015 | D:2      | Reached skill level 1 in Poison Magic
  1090 | D:2      | Learned a level 3 spell: Conjure Flame
  1200 | D:2      | Noticed Jessica
  1207 | D:2      | Killed Jessica
  1318 | D:2      | Reached XP level 5. HP: 42/42 MP: 9/9
  1338 | D:2      | Found an opulent altar of Gozag.
  2345 | D:4      | Found a glowing drain.
  2360 | Sewer    | Entered a sewer
  2372 | Sewer    | Reached XP level 6. HP: 47/49 MP: 8/10
  2602 | Sewer    | Reached skill level 5 in Conjurations
  2821 | D:4      | Found a bloodstained altar of Trog.
  3023 | D:4      | Reached XP level 7. HP: 54/55 MP: 4/11
  3385 | D:5      | Entered Level 5 of the Dungeon
  3542 | D:5      | Noticed a hippogriff
  3555 | D:5      | Killed a hippogriff
  3555 | D:5      | Reached skill level 5 in Stealth
  3607 | D:5      | Reached skill level 6 in Stealth
  3612 | D:5      | Reached skill level 5 in Poison Magic
  3769 | D:5      | Reached XP level 8. HP: 58/62 MP: 8/12
  4064 | D:5      | Found a staircase to the Ecumenical Temple.
  4426 | D:6      | Reached skill level 7 in Stealth
  4716 | D:6      | Reached skill level 8 in Stealth
  5109 | D:7      | Noticed a hippogriff
  5120 | D:7      | Reached skill level 1 in Fire Magic
  5120 | D:7      | Noticed a hippogriff
  5146 | D:7      | Killed a hippogriff
  5146 | D:7      | Reached XP level 9. HP: 26/68 MP: 4/16
  5154 | D:7      | Reached skill level 9 in Stealth
  5202 | D:7      | Reached skill level 5 in Spellcasting
  5357 | D:7      | Noticed Menkaure
  5372 | D:7      | Killed Menkaure
  5372 | D:7      | Reached skill level 10 in Stealth
  5427 | D:7      | Found Eplive's Book Shop.
  5733 | D:6      | Found a blossoming altar of Fedhas.
  5733 | D:6      | Found a shadowy altar of Dithmenos.
  6120 | Temple   | Entered the Ecumenical Temple
  6168 | Temple   | Became a worshipper of Warmaster Okawaru
  6341 | D:8      | Noticed a two-headed ogre
  6383 | D:8      | Killed a two-headed ogre
  6383 | D:8      | Reached skill level 12 in Stealth
  6383 | D:8      | Reached skill level 5 in Fire Magic
  6383 | D:8      | Reached XP level 10. HP: 37/76 MP: 1/17
  6445 | D:8      | Reached skill level 1 in Invocations
  6486 | D:8      | Reached skill level 1 in Fighting
  6486 | D:8      | Reached skill level 1 in Evocations
  6500 | D:8      | Reached * piety under Okawaru
  6560 | D:8      | Noticed a moth of wrath
  6561 | D:8      | Noticed kalodont's ghost (novice KoEn)
  6563 | D:8      | Found a bloodstained altar of Trog.
  6570 | D:8      | Found a transporter.
  6578 | D:8      | Found a transporter.
  6927 | D:8      | Found a basalt altar of Yredelemnul.
  7240 | D:9      | Found a shimmering blue altar of Sif Muna.
  7241 | D:9      | Noticed Erolcha
  7273 | D:9      | Killed Erolcha
  7344 | D:9      | Noticed a two-headed ogre
  7362 | D:9      | Killed a two-headed ogre
  7362 | D:9      | Reached ** piety under Okawaru
  7362 | D:9      | Noticed Pikel
  7397 | D:9      | Mangled by Pikel

Illustrated notes

Levels and vault maps discovered:
D:1:      tarquinn_simple_flora_water_a, layout_loops_ring,
          columned_hall_lemuel, roderic_serpentine_path
D:2:      layout_loops_ring, nicolae_gozag_seed_capital, uniq_robin,
          uniq_jessica
D:3:      layout_basic, first_ration, nrook_campfire
D:4:      layout_loops_ring, lightli_temple_of_fire,
          cheibrodos_sewer_entry_sluice
D:5:      layout_loops_corners, minmay_temple_entry_glassed_door
D:6:      layout_basic, nicolae_overflow_hidden_temple
D:7:      layout_gridville, serial_shops, kennysheep_mini_moat, uniq_menkaure
D:8:      layout_cave_pods, overflow_temple_1_default,
          gammafunk_ghost_wrathful_warriors
D:9:      layout_layer_cave, lemuel_crystal_altar, basic_altar,
          hangedman_little_slice_of_home, uniq_pikel, uniq_grum, uniq_erolcha
Temple:   minmay_crystal_spiral_temple

Skill      XL: |  1  2  3  4  5  6  7  8  9 10 |
---------------+-------------------------------+-----
Conjurations   | 2 3 4 5 6 |  6.0
Poison Magic   | 1 2 3 5 7 9 |  9.0
Translocations | 2 3 |  3.0
Stealth        | 6 8 12 | 12.0
Spellcasting   | 4 5 |  5.0
Fire Magic     | 1 5 |  5.0
Invocations    | 3 |  3.5
Fighting       | 3 |  3.2
Dodging        | 2 |  2.0
Evocations     | 4 |  4.5
Summonings     | |  1.0

Action                   |  1- 3 |  4- 6 |  7- 9 | 10-12 || total
-------------------------+-------+-------+-------+-------++-------
Melee: Club              |     2 |       |       |       ||     2
       Dagger            |     2 |       |       |       ||     2
       Quarterstaff      |       |    79 |   158 |    73 ||   310
 Fire: Hand crossbow     |       |       |     2 |       ||     2
 Cast: Magic Dart        |    47 |   104 |   136 |    26 ||   313
       Mephitic Cloud    |       |     6 |    25 |    10 ||    41
       Conjure Flame     |       |       |     7 |     4 ||    11
       Blink             |       |       |     7 |     1 ||     8
 Abil: Spit Poison       |    35 |    75 |    67 |    25 ||   202
Evoke: Wand              |       |       |     5 |     8 ||    13
  Use: Scroll            |       |     6 |     4 |     1 ||    11
       Potion            |       |       |     4 |     3 ||     7
 Stab: Confused          |       |     2 |     5 |     2 ||     9
       Sleeping          |       |       |     2 |       ||     2
  Eat: Chunk             |     2 |    10 |    15 |     2 ||    29
       Ration            |       |       |       |     1 ||     1
Armor: Robe              |     4 |    52 |    79 |    34 ||   169
       Skin              |       |       |    64 |       ||    64
Dodge: Dodged            |     9 |    85 |   108 |    46 ||   248
